Map: New Gettysburg LE

Players

NORTHAMERICA - Winner!

  • Race: Protoss Protoss
  • League: Master

FrOzen

  • Race: Terran Terran
  • League: Master

VOD

Have the link to the VOD?

Description

Time

  • Played on: Aug. 23, 2016, 2:18 a.m.
  • Length: 17:32
Show
View Real Time Build Order
Export as new Build Order

NORTHAMERICA Protoss - Winner!

Build Orders: 1 Gate Expand 

Get SALT Encoding   

  12  0:01  Probe (Chrono Boost)  
  13  0:11  Probe (Chrono Boost)  
  14  0:18  Pylon  
  14  0:22  Probe (Chrono Boost)  
  15  0:36  Probe (Chrono Boost)  
  15  0:37  Gateway  
  16  0:47  Probe (Chrono Boost)  
  16  0:48  Assimilator  
  17  0:57  Probe (Chrono Boost)  
  18  1:08  Probe (Chrono Boost)  
  19  1:21  Nexus  
  19  1:26  Probe (Chrono Boost)  
  20  1:37  Cybernetics Core  
  20  1:38  Probe (Chrono Boost)  
  21  1:45  Assimilator  
  21  1:49  Probe (Chrono Boost)  
  22  1:54  Pylon  
  22  2:01  Probe (Chrono Boost)  
  22  2:11  Probe (Chrono Boost)  
  22  2:12  Warp Gate  
  22  2:15  Adept  
  26  2:23  Probe (Chrono Boost)  
  26  2:31  Robotics Facility  
  26  2:35  Probe x2 (Chrono Boost)  
  28  2:46  Mothership Core (Chrono Boost)  
  30  2:54  Gateway  
  30  2:59  Gateway  
  30  3:04  Probe (Chrono Boost)  
  31  3:14  Probe (Chrono Boost), Pylon  
  31  3:16  Probe (Chrono Boost)  
  33  3:24  Observer  
  33  3:25  Probe (Chrono Boost)  
  33  3:27  Probe (Chrono Boost)  
  36  3:36  Probe (Chrono Boost)  
  36  3:37  Probe (Chrono Boost)  
  38  3:43  Warp Prism  
  38  3:47  Probe (Chrono Boost)  
  41  3:50  Twilight Council  
  41  3:52  Probe (Chrono Boost)  
  42  3:56  Pylon  
  42  3:57  Probe (Chrono Boost)  
  44  4:03  Probe (Chrono Boost)  
  44  4:08  Probe (Chrono Boost)  
  45  4:12  Pylon  
  45  4:15  Probe (Chrono Boost)  
  46  4:17  Observer  
  47  4:26  Stalker  
  47  4:27  Stalker x2  
  47  4:30  Probe (Chrono Boost)  
  53  4:34  Probe (Chrono Boost)  
  52  4:50  Probe (Chrono Boost)  
  52  4:52  Probe (Chrono Boost)  
  54  4:54  Blink  
  54  5:00  Nexus, Probe (Chrono Boost)  
  54  5:01  Pylon  
  54  5:06  Probe (Chrono Boost)  
  56  5:13  Robotics Bay  
  56  5:15  Gateway  
  56  5:17  Gateway  
  56  5:20  Pylon  
  56  5:25  Stalker  
  55  5:35  Immortal  
  59  5:50  Adept x2  
  59  5:51  Adept  
  59  5:55  Assimilator, Probe (Chrono Boost)  
  59  5:56  Probe (Chrono Boost)  
  67  5:57  Assimilator  
  67  6:03  Pylon  
  67  6:05  Probe (Chrono Boost)  
  67  6:08  Probe (Chrono Boost)  
  67  6:12  Stalker x2  
  68  6:23  Stalker  
  65  6:26  Probe x2 (Chrono Boost)  
  66  6:38  Probe (Chrono Boost)  
  66  6:42  Adept x3  
  66  6:43  Adept  
  66  6:45  Probe (Chrono Boost)  
  75  6:48  Disruptor  
  75  6:50  Probe (Chrono Boost)  
  79  6:56  Probe (Chrono Boost)  
  77  7:02  Probe (Chrono Boost)  
  76  7:10  Adept x5  
  76  7:13  Probe (Chrono Boost)  
  76  7:15  Probe (Chrono Boost)  
  88  7:16  Probe (Chrono Boost)  
  88  7:17  Resonating Glaives  
  89  7:24  Probe (Chrono Boost)  
  89  7:25  Disruptor  
  89  7:26  Forge  
  90  7:31  Probe (Chrono Boost)  
  90  7:32  Probe (Chrono Boost)  
  90  7:35  Stalker  
  97  7:39  Stalker  
  99  7:45  Stalker x2  
  99  7:49  Probe x2 (Chrono Boost)  
  99  7:50  Probe (Chrono Boost)  
  106  7:53  Stalker  
  106  7:58  Protoss Ground Weapons Level 1  
  108  8:01  Probe (Chrono Boost)  
  109  8:12  Pylon  
  107  8:15  Photon Cannon, Pylon  
  107  8:19  Pylon  
  108  8:20  Assimilator, Probe (Chrono Boost)  
  108  8:21  Assimilator  
  108  8:24  Probe (Chrono Boost), Pylon  
  108  8:25  Disruptor  
  109  8:32  Stalker x3  
  116  8:47  Forge  
  116  8:56  Disruptor, Photon Cannon  
  116  8:58  Stalker x2, Photon Cannon, Probe (Chrono Boost)  
  116  8:59  Pylon  
  116  9:00  Pylon  
  124  9:04  Stalker x2  
  128  9:10  Stalker  
  126  9:26  Protoss Ground Armor Level 1, Probe (Chrono Boost)  
  126  9:27  Stalker x2  
  126  9:30  Probe (Chrono Boost)  
  133  9:31  Probe (Chrono Boost)  
  133  9:32  Disruptor  
  136  9:40  Mothership Core (Chrono Boost)  
  136  9:45  Adept  
  138  9:49  Nexus  
  138  9:51  Adept x3, Pylon  
  144  9:55  Stalker  
  143  10:00  Protoss Ground Weapons Level 2  
  143  10:06  Disruptor  
  137  10:10  Stalker  
  142  10:20  Stalker  
  142  10:21  Stalker x3  
  148  10:27  Probe (Chrono Boost)  
  147  10:40  Stalker, Probe (Chrono Boost)  
  148  10:44  Pylon  
  148  10:45  Probe (Chrono Boost)  
  148  10:49  Disruptor  
  149  10:50  Stalker x4  
  149  10:53  Photon Cannon  
  149  10:55  Photon Cannon  
  160  11:04  Photon Cannon  
  160  11:07  Dark Shrine  
  158  11:19  Stalker x3  
  158  11:20  Disruptor, Stalker x2  
  166  11:28  Photon Cannon  
  166  11:32  Probe (Chrono Boost)  
  170  11:36  Protoss Ground Armor Level 2  
  170  11:49  Adept x2  
  170  11:50  Adept x3  
  171  12:11  Probe (Chrono Boost)  
  171  12:12  Stalker  
  171  12:13  Pylon  
  172  12:17  Disruptor, Pylon  
  172  12:23  Probe (Chrono Boost)  
  158  12:32  Adept  
  158  12:33  Adept x3  
  166  12:38  Gateway  
  166  12:40  Gateway  
  166  12:42  Gateway  
  166  12:43  Gateway  
  160  12:48  Disruptor  
  160  12:50  Adept  
  162  12:54  Probe (Chrono Boost)  
  166  13:05  Adept x4  
  164  13:17  Probe (Chrono Boost)  
  164  13:19  Disruptor  
  161  13:26  Dark Templar x3  
  152  13:48  Dark Templar x2  
  144  13:54  Gateway x2  
  143  13:57  Archon  
  143  14:00  Stalker x3  
  144  14:03  Nexus  
  136  14:22  Dark Templar x2  
  140  14:25  Dark Templar  
  140  14:27  Pylon  
  140  14:28  Pylon  
  140  14:31  Mothership Core (Chrono Boost)  
  144  14:49  Stalker x2  
  146  15:01  Stalker  
  146  15:02  Stalker x4  
  106  15:42  Probe (Chrono Boost)  
  107  15:43  Stalker x2  
  107  15:44  Stalker x5, Pylon  
  121  15:56  Assimilator  
  121  15:57  Dark Templar  
  121  15:58  Assimilator  
  121  15:59  Dark Templar  
  121  16:03  Stalker  
  125  16:16  Stalker x3  
  128  16:24  Robotics Facility  
  117  16:54  Stalker x7  
  119  16:55  Stalker x2  
  119  16:58  Probe (Chrono Boost)  
  122  17:08  Dark Templar  
  96  17:22  Adept x3  
Show
View Real Time Build Order
Export as new Build Order

FrOzen Terran 

Build Orders: Liberator Opening, MMM Bio 

Get SALT Encoding   

  12  0:00  SCV  
  13  0:13  SCV  
  14  0:18  Supply Depot  
  14  0:25  SCV  
  15  0:40  SCV  
  15  0:41  Barracks  
  16  0:44  Refinery  
  16  0:52  SCV  
  17  1:04  SCV  
  18  1:16  SCV  
  19  1:28  Orbital Command  
  19  1:29  Marine  
  20  1:41  Command Center  
  20  1:51  Factory  
  20  1:54  SCV  
  21  2:03  Refinery  
  21  2:04  Barracks Reactor  
  21  2:06  SCV  
  22  2:13  Supply Depot  
  22  2:18  SCV  
  23  2:35  SCV  
  23  2:36  Starport  
  24  2:38  Factory Tech Lab  
  24  2:40  Marine x2  
  26  2:47  SCV  
  27  2:55  Orbital Command  
  27  2:58  Widow Mine  
  27  2:59  SCV  
  27  3:04  Marine x2  
  32  3:11  SCV  
  33  3:14  Medivac  
  35  3:22  SCV  
  35  3:23  SCV, Marine x2  
  39  3:30  Supply Depot  
  39  3:33  Cyclone  
  42  3:34  Liberator  
  42  3:37  SCV  
  42  3:38  SCV  
  44  3:42  Marine  
  44  3:43  Marine  
  49  3:57  Supply Depot, SCV x2  
  49  4:02  Marine x2  
  53  4:09  Bunker  
  54  4:10  SCV  
  54  4:18  SCV, Siege Tank  
  54  4:21  Supply Depot  
  58  4:25  SCV  
  58  4:31  SCV  
  60  4:34  Marine x2  
  61  4:42  SCV  
  61  4:43  SCV  
  62  4:50  Engineering Bay  
  62  4:51  Supply Depot  
  61  4:52  Viking  
  61  4:53  Siege Tank  
  61  4:56  Marine x2  
  61  4:59  SCV x2, Refinery  
  68  5:02  Supply Depot  
  68  5:13  Command Center  
  68  5:17  Terran Infantry Weapons Level 1  
  68  5:20  SCV x2  
  70  5:30  Marine x2, Starport Tech Lab  
  72  5:37  SCV  
  72  5:38  SCV  
  74  5:52  Barracks  
  74  5:53  SCV x2, Barracks  
  74  5:56  Refinery  
  76  5:58  Barracks  
  76  5:59  Barracks, Marine x2  
  76  6:01  Barracks  
  78  6:09  Starport Reactor, Factory Reactor  
  78  6:10  SCV x2  
  80  6:22  SCV x2  
  80  6:23  Marine x2  
  81  6:26  Orbital Command  
  81  6:34  SCV x2, Missile Turret  
  81  6:39  Stimpack, Combat Shields  
  83  6:48  SCV x2  
  83  6:49  Barracks Reactor  
  83  6:50  Barracks Tech Lab  
  83  6:52  Barracks Reactor  
  83  6:53  Marine  
  83  6:54  Marauder x2, Marine  
  91  6:55  Widow Mine x2  
  91  6:56  Medivac x2  
  96  7:12  SCV x2, Orbital Command  
  96  7:14  Terran Infantry Armor Level 1  
  98  7:17  Concussive Shells  
  98  7:19  Marine x3  
  101  7:24  Supply Depot x2  
  101  7:25  Supply Depot  
  101  7:38  Supply Depot  
  101  7:43  Engineering Bay  
  101  7:45  Marine x2  
  101  7:50  SCV x2  
  101  7:51  SCV  
  108  7:58  Marauder, Marine  
  108  7:59  Marine x4  
  108  8:00  Marine  
  108  8:02  Widow Mine x2  
  108  8:03  Medivac x2, Marauder  
  121  8:14  SCV x3  
  121  8:19  Supply Depot x2  
  72  8:27  Liberator x2  
  124  8:31  Armory  
  124  8:32  SCV  
  124  8:33  SCV x2  
  127  8:38  Marauder x3  
  127  8:40  Marine x6  
  139  8:43  Widow Mine x2  
  148  8:51  SCV  
  148  8:52  Supply Depot  
  148  8:54  Supply Depot  
  149  9:01  Missile Turret  
  149  9:02  Supply Depot  
  149  9:12  Supply Depot  
  149  9:13  Supply Depot  
  149  9:14  SCV x2  
  138  9:25  Marauder x3, Marine x4  
  138  9:27  Supply Depot, Terran Infantry Weapons Level 2  
  138  9:30  Supply Depot  
  146  9:31  Terran Infantry Armor Level 2  
  146  9:32  Supply Depot  
  146  9:51  Marauder x3, Marine x6  
  157  9:52  Widow Mine  
  157  9:53  Medivac x2, Widow Mine  
  152  10:09  Marine x4  
  152  10:13  Marauder x3  
  158  10:20  Refinery  
  156  10:31  Supply Depot  
  156  10:32  Liberator x2  
  151  10:39  Supply Depot  
  148  10:43  Marauder x3, Marine x4  
  148  10:44  Marine  
  148  10:48  Widow Mine x2  
  167  11:18  Missile Turret  
  165  11:22  Marauder, Marine x2  
  165  11:23  Marauder x2, Marine x3  
  165  11:24  Marine  
  176  11:25  Command Center  
  176  11:26  Widow Mine x2  
  176  11:31  Medivac  
  176  11:32  Medivac  
  184  11:43  Fusion Core  
  184  11:45  Starport  
  165  12:10  Marauder  
  165  12:11  Marauder x2, Marine x2  
  165  12:12  Marine  
  166  12:25  Terran Infantry Weapons Level 3  
  166  12:26  Terran Infantry Armor Level 3  
  151  12:37  Planetary Fortress  
  151  12:41  Refinery  
  151  13:04  Starport Tech Lab  
  134  13:13  SCV x3  
  134  13:16  Marauder x3, Marine x3  
  134  13:17  Marine  
  147  13:24  Advanced Ballistics  
  112  13:43  Liberator x2  
  108  13:52  Marine x2  
  108  13:53  Marauder x3, Marine x4  
  121  14:09  Liberator  
  94  14:19  SCV x3  
  94  14:23  Missile Turret  
  100  14:43  Marauder x3, Marine x6  
  111  14:58  Widow Mine x2  
  115  15:01  Marine  
  115  15:02  SCV  
  115  15:03  SCV x3  
  115  15:05  Liberator x2  
  115  15:06  Liberator  
  86  15:51  Liberator x2  
  86  16:00  Orbital Command  
  86  16:06  Marauder x3, Marine x6  
  104  16:17  Medivac x2  
  105  16:19  SCV  
  105  16:20  SCV  
  102  16:35  Marauder x3, Marine x4  
  94  16:40  SCV x2  
Tags
 
Add a new tag
Caveats
  • Supply blocks, unpowered buildings, or Contaminate may cause inaccurate times.
  • Supply counts are checked every 10 seconds.